 Dungeon Crawl Stone Soup version 0.29-a0-67-g1d65ae1bb4 (webtiles) character file.

Game seed: 5745113739793392408

188 Bosse the Magician (level 5, 0/35 (36) HPs)
             Began as a Demonspawn Hedge Wizard on Feb 3, 2022.
             Succumbed to an adder's poison
             ... on level 6 of the Dungeon.
             The game lasted 00:07:18 (3049 turns).

Bosse the Magician (Demonspawn Hedge Wizard)        Turns: 3049, Time: 00:07:19

HP:   0/35 (36)     AC:  4    Str: 10    XL:     5   Next: 39%
MP:   3/11          EV: 12    Int: 18    God:
Gold: 127           SH:  0    Dex: 18    Spells: 11/12 levels left

rFire   . . .      SeeInvis +   a - +0 dagger
rCold   . . .      Faith    .   (no shield)
rNeg    . . .      Spirit   .   b - +0 robe
rPois   .          Reflect  .   c - +0 hat
rElec   .          Harm     .   (no cloak)
rCorr   .          Rampage  .   (no gloves)
Will    .....                   d - +0 pair of boots
Stlth   ++........              (no amulet)
HPRegen 0.11/turn               f - +6 ring of dexterity
MPRegen 0.12/turn               k - ring of see invisible

@: lethally poisoned (0 -> -4), lightly drained
A: rugged brown scales 1, foul stench 1, demonic touch 2
a: no special abilities


You were on level 6 of the Dungeon.
You visited 1 branch of the dungeon, and saw 5 of its levels.

You collected 127 gold pieces.

Inventory:

Hand Weapons
 a - a +0 dagger (weapon)
Armour
 b - a +0 robe (worn)
 c - a +0 hat (worn)
 d - a +0 pair of boots (worn)
Jewellery
 f - a +6 ring of dexterity (left hand)
 k - a ring of see invisible (right hand)
Wands
 h - a wand of polymorph (3)
Scrolls
 e - a scroll of noise
 g - 2 scrolls of identify
Potions
 i - a potion of might
 j - a potion of degeneration {unknown}
 l - 2 potions of heal wounds {unknown}


   Skills:
 + Level 0.3 Fighting
 + Level 2.2 Dodging
 + Level 2.7 Stealth
 + Level 4.2 Spellcasting
 + Level 3.1 Conjurations
 + Level 1.0 Summonings
 + Level 0.8 Translocations


You had 11 spell levels left.
You knew the following spells:

 Your Spells              Type           Power      Damage    Failure   Level
a - Magic Dart            Conj           60%        1d6       4%          1

Your spell library contained the following spells:

 Spells                   Type           Power      Damage    Failure   Level
 Slow                     Hex            12%        N/A       14%         1
 Call Imp                 Summ           7%         N/A       14%         2
 Blink                    Tloc           12%        N/A       16%         2
 Conjure Flame            Conj/Fire      9%         6-21      22%         3
 Mephitic Cloud           Conj/Pois/Air  7%         N/A       28%         3


Dungeon Overview and Level Annotations

Branches:
Dungeon (4/15)
 Temple: D:4-7

Altars:


Innate Abilities, Weirdness & Mutations

You are partially covered in rugged brown scales. (AC +1, +3% HP)
You may rarely emit foul miasma when damaged in melee.
Your touch may inflict irresistible damage on your foes.


Message History

The hound completely misses you.
Your Conjurations skill increases to level 3!
The magic dart hits the necrophage.
The necrophage is lightly damaged.
The hound barely misses you. The adder closely misses you.
The necrophage hits you.
You feel drained. The hound barely misses you. The adder barely misses you.
The hound bites you but does no damage. The adder closely misses you.
Your magical contamination has completely faded away.
The adder barely misses you. The hound closely misses you.
The adder bites you but does no damage. The hound barely misses you.
Found a metallic white potion.
The hound closely misses you. The adder barely misses you. The hound bites you.
Found a glowing hunting sling.
The hound bites you but does no damage.
Found a stone staircase leading down.
The adder closely misses you. The hound bites you. The hound misses you.
Found a scroll labelled HIOCWURYO.
The adder closely misses you. The hound bites you.
* * * LOW HITPOINT WARNING * * *
There is a fountain of clear blue water here.
The adder bites you.
* * * LOW HITPOINT WARNING * * *
The hound bites you but does no damage. The adder bites you.
* * * LOW HITPOINT WARNING * * *
The hound completely misses you.
There is a fountain of clear blue water here.
The adder bites you.
* * * LOW HITPOINT WARNING * * *
You are lethally poisoned!
The adder poisons you!
* * * LOW HITPOINT WARNING * * *
You feel sick. The hound bites you.
* * * LOW HITPOINT WARNING * * *
You emit a cloud of foul miasma!
* * * LOW HITPOINT WARNING * * *
You feel sick.
The hound is engulfed in dark miasma.
The hound is poisoned.
You die...

........# #.......#
#.......#
##.......#
###........#
##..........#
##.⌠...⌠.....#
##..........@.#
#.⌠...>...h...# ###
#?......○S...#
...####.⌠...⌠.....#
....!.......n.....#
............#######
.$.....(....#
.......(....#
...........?#


You could see a necrophage, a hound (poisoned) and an adder.

Vanquished Creatures
  A hound (D:6)
  Natasha (thrice) (D:2)
  2 gnolls (D:3)
  An adder (D:2)
  A dart slug (D:3)
  4 bats
  5 endoplasms
  3 giant cockroaches (D:2)
  4 goblins
  3 hobgoblins
  3 jackals (D:1)
  7 kobolds
  2 quokkas (D:1)
  5 ball pythons
  4 frilled lizards
  6 rats
54 creatures vanquished.

Notes
Turn   | Place    | Note
-------+----------+-------------------------------------------
     0 | D:1      | Bosse the Demonspawn Hedge Wizard began the quest for the
                  | Orb.
     0 | D:1      | Reached XP level 1. HP: 13/13 MP: 4/4
   264 | D:1      | Gained mutation: Your touch may inflict minor irresistible
                  | damage on your foes. [demonic ancestry]
   264 | D:1      | Reached XP level 2. HP: 18/19 MP: 0/6
  1299 | D:1      | Gained mutation: Your touch may inflict irresistible damage
                  | on your foes. [demonic ancestry]
  1299 | D:1      | Reached XP level 3. HP: 24/24 MP: 1/8
  1803 | D:2      | Noticed Natasha
  1811 | D:2      | Killed Natasha
  1812 | D:2      | Reached skill level 4 in Spellcasting
  1812 | D:2      | Gained mutation: You may rarely emit foul miasma when
                  | damaged in melee. [demonic ancestry]
  1812 | D:2      | Reached XP level 4. HP: 18/30 MP: 0/10
  1829 | D:2      | Noticed Natasha
  1838 | D:2      | Killed Natasha
  2390 | D:2      | Noticed Natasha
  2400 | D:2      | Killed Natasha
  2805 | D:3      | Gained mutation: You are partially covered in rugged brown
                  | scales. (AC +1, +3% HP) [demonic ancestry]
  2805 | D:3      | Reached XP level 5. HP: 30/36 MP: 7/11
  2948 | D:4      | You fall into a shaft and drop 2 floors!
  3020 | D:6      | Noticed a necrophage
  3048 | D:6      | HP: 1/35 [poisoned by an adder]
  3049 | D:6      | Succumbed to an adder's poison

Illustrated notes

Levels and vault maps discovered:
D:1:      lightli_arrival_isolated_outpost, layout_rooms, minmay_misc_feat_doors
D:2:      layout_loops_ring, minmay_pentomino_t4, uniq_natasha
D:3:      layout_loops_ring, chequers_ecumenical_altar_island
D:4:      layout_rooms, amethyst_overflow_temple_binary
D:6:      layout_basic, grunt_ministairs_2, uniq_menkaure

Skill      XL: |  1  2  3  4  5 |
---------------+----------------+-----
Stealth        | 2 |  2.7
Dodging        | 2 |  2.2
Spellcasting   | 4 |  4.2
Conjurations   | 2 3 |  3.1
Fighting       | |  0.3
Summonings     | |  1.0
Translocations | |  0.8

Action                   |  1- 3 |  4- 6 || total
-------------------------+-------+-------++-------
Melee: Dagger            |    21 |     5 ||    26
       Touch             |     3 |     1 ||     4
       Unarmed           |       |     4 ||     4
 Cast: Magic Dart        |    86 |    69 ||   155
  Use: Scroll            |     5 |       ||     5
Armor: Robe              |     9 |    10 ||    19
       Skin              |       |     1 ||     1
Dodge: Dodged            |    30 |    29 ||    59

Table legend: (Time is in decaauts)
 A = Elapsed time spent in this place.
 B = Non-inter-level travel time spent in this place.
 C = Inter-level travel time spent in this place.
 D = Time resting spent in this place.
 E = Time spent auto-exploring this place.
 F = Levels seen in this place.
 G = Mean time per level.
                   A        B        C        D        E       F      G
               +--------+--------+--------+--------+--------+-----+--------+
         Total |   3058 |   3024 |     34 |      0 |   2608 |   5 |  611.6 |
       Dungeon |   3058 |   3024 |     34 |      0 |   2608 |   5 |  611.6 |
               +--------+--------+--------+--------+--------+-----+--------+

Top non-repeatable levels by time:
     D:1: 1454 daAuts
     D:2: 1169 daAuts
     D:3: 334 daAuts
     D:6: 100 daAuts
